 Dungeon Crawl Stone Soup version 0.28.0 (webtiles) character file.

Game seed: 7498221101023629100

58 Orangeyouglad the Conjurer (level 4, -3/24 HPs)
             Began as a Tengu Conjurer on Feb 6, 2022.
             Was a Follower of Ru.
             Killed by divine providence
             ... invoked by an orc priest
              (14 damage)
             ... on level 2 of the Dungeon.
             The game lasted 00:03:32 (1128 turns).

Orangeyouglad the Conjurer (Tengu Conjurer)         Turns: 1128, Time: 00:03:32

Health: -3/24      AC:  2    Str:  9    XL:     4   Next: 1%
Magic:  1/8        EV: 12    Int: 19    God:    Ru [*.....]
Gold:   38         SH:  0    Dex: 12    Spells: 5/8 levels left

rFire   . . .      SeeInvis .   c - +1 dagger (holy)
rCold   . . .      Faith    .   (no shield)
rNeg    . . .      Spirit   .   a - +0 robe
rPois   .          Reflect  .   (helmet restricted)
rElec   .          Harm     .   (no cloak)
rCorr   .          Rampage  .   (no gloves)
Will    .....                   (boots unavailable)
Stlth   ++........              (no amulet)
HPRegen 0.08/turn               (no ring)
MPRegen 0.11/turn               (no ring)

@: no status effects
A: beak, talons 3, cowardly
a: Renounce Religion


You were on level 2 of the Dungeon.
You worshipped Ru.
Ru was aware of your devotion.
You visited 1 branch of the dungeon, and saw 2 of its levels.

You collected 38 gold pieces.

Inventory:

Hand Weapons
 b - a +0 short sword
 c - a +1 dagger of holy wrath (weapon)
Armour
 a - a +0 robe (worn)
Scrolls
 d - a scroll of blinking {unknown}
 e - a scroll of identify {unknown}
 f - a scroll of magic mapping {unknown}
 i - a scroll of noise {unknown}
 j - a scroll of enchant weapon {unknown}
Potions
 g - a potion of attraction {unknown}
 h - 2 potions of brilliance {unknown}


   Skills:
 + Level 3.0 Dodging
 + Level 2.7 Stealth
 + Level 2.5 Spellcasting
 + Level 5.8 Conjurations


You had 5 spell levels left.
You knew the following spells:

 Your Spells              Type           Power      Damage    Failure   Level
a - Magic Dart            Conj           96%        1d7       1%          1
b - Searing Ray           Conj           48%        2d6       2%          2

Your spell library contained the following spells:

 Spells                   Type           Power      Damage    Failure   Level
 Dazzling Flash           Conj/Hex       26%        N/A       14%         3
 Fulminant Prism          Conj/Hex       6%         3d7       43%         4
 Iskenderun's Mystic Bla  Conj/Tloc      13%        2d5       43%         4


Dungeon Overview and Level Annotations

Branches:
Dungeon (2/15)

Altars:
Ru


Innate Abilities, Weirdness & Mutations

You have a beak for a mouth.
You have claws for feet.
Your cowardice makes you less effective in combat with threatening foes.


Message History

Press: ? - help, Q - select action, (/) - cycle Shift-Dir - straight line, f/p - orc
Aim: an orc, wielding a +0 club and wearing a +0 leather armour of willpower (heavily wounded, 100% to hit)
The magic dart hits the orc.
You kill the orc!
The orc shouts!
Aiming: Magic Dart (safe; 1% risk of failure)
Press: ? - help, Q - select action, (/) - cycle Shift-Dir - straight line, f - orc
Aim: an orc, wielding a +1 dagger of protection and wearing a +0 leather armour (100% to hit)
The magic dart hits the orc but does no damage.
Aiming: Magic Dart (safe; 1% risk of failure)
Press: ? - help, Q - select action, (/) - cycle Shift-Dir - straight line, f/p - orc
Aim: an orc, wielding a +1 dagger of protection and wearing a +0 leather armour (100% to hit)
The magic dart hits the orc.
The orc is moderately wounded.
Casting: Magic Dart (safe; 1% risk of failure)
Confirm with . or Enter, or press ? or * to list all spells.
Aiming: Searing Ray (safe; 2% risk of failure)
Press: ? - help, Shift-Dir - straight line, f/p - orc
Aim: an orc, wielding a +1 dagger of protection and wearing a +0 leather armour (moderately wounded, 78% to hit)
The searing ray hits the orc.
The orc is severely wounded. (Press . to maintain the ray.)
You hear a shout!
An orc comes into view. It is wielding a +0 dagger.
The orc barely misses you.
The searing ray hits the orc!
You kill the orc!
You hear a shout!
An orc priest comes into view. It is wielding a +0 mace.
Your Dodging skill increases to level 3!
You have reached level 4!
You feel clever.
Without enough magic to sustain it, your searing ray dissipates.
The orc priest mumbles some strange prayers to Beogh against you.
Beogh smites you!
Ouch! That really hurt!
The orc priest calls down the wrath of Beogh upon you.
Beogh smites you!
Ouch! That really hurt!
You die...

# ...#.###
#...#.#.....#
.#....
##...#.......#
#.
.....######.##
#.#..### #.#
#...... #.#
#....# #.#
#....# #.#
#..########.##
#...o.@......#
#o############
#.# #o# #..
###


You could see an orc priest and an orc.

Vanquished Creatures
  A gnoll (D:1)
  2 adders (D:2)
  2 orcs (D:2)
  A giant cockroach (D:1)
  5 goblins
  A hobgoblin (D:1)
  A kobold (D:2)
  5 quokkas
  2 ball pythons (D:1)
  4 bats (D:1)
  2 frilled lizards (D:1)
  2 rats (D:1)
28 creatures vanquished.

Notes
Turn   | Place    | Note
-------+----------+-------------------------------------------
     0 | D:1      | Orangeyouglad the Tengu Conjurer began the quest for the
                  | Orb.
     0 | D:1      | Reached XP level 1. HP: 10/10 MP: 4/4
   175 | D:1      | Reached XP level 2. HP: 15/15 MP: 4/6
   231 | D:1      | Learned a level 2 spell: Searing Ray
   305 | D:1      | Found a faded altar of an unknown god.
   324 | D:1      | Prayed at the altar of an unknown god.
   324 | D:1      | Became a worshipper of Ru the Awakened
   409 | D:1      | Gained mutation: Your cowardice makes you less effective in
                  | combat with threatening foes. [Ru sacrifice]
   409 | D:1      | Reached * piety under Ru
   619 | D:1      | Reached XP level 3. HP: 19/19 MP: 4/7
  1123 | D:2      | Reached XP level 4. HP: 24/24 MP: 0/8
  1128 | D:2      | Killed from afar by an orc priest

Illustrated notes

Levels and vault maps discovered:
D:1:      dpeg_arrival_shelter, layout_basic, shapermc_ecumenical_altar_pompeii
D:2:      layout_basic

Skill      XL: |  1  2  3 |
---------------+----------+-----
Dodging        | 3 |  3.0
Stealth        | |  2.7
Spellcasting   | |  2.5
Conjurations   | |  5.8

Action                   |  1- 3 |  4- 6 || total
-------------------------+-------+-------++-------
 Cast: Magic Dart        |    58 |       ||    58
       Searing Ray       |     1 |       ||     1
Invok: Sacrifice Courage |     1 |       ||     1
Armor: Robe              |     1 |       ||     1
Dodge: Dodged            |     4 |       ||     4
